Map: Belladona EE

Players

khal

  • Race: Terran Terran
  • League: Silver
  • Spawn Location: 11:00

MrFercho - Winner!

  • Race: Zerg Zerg
  • League: Silver
  • Spawn Location: 5:00

VOD

Have the link to the VOD?

Description

Time

  • Played on: June 8, 2020, 8:13 p.m.
  • Length: 19:57
Show
View Real Time Build Order
Export as new Build Order

khal Terran 

Build Orders:  

Get SALT Encoding   

  12  0:14  Supply Depot  
  12  0:23  Refinery  
  12  0:39  Barracks  
  12  0:49  Supply Depot  
  12  1:02  SCV  
  13  1:09  Refinery  
  13  1:14  SCV  
  14  1:37  Factory  
  14  1:39  SCV  
  15  1:45  Barracks Reactor  
  15  2:04  Supply Depot  
  15  2:10  SCV  
  16  2:27  Factory Tech Lab  
  16  2:40  SCV  
  17  2:44  Marine x2  
  19  2:56  Siege Tank  
  22  3:01  SCV  
  23  3:15  Starport  
  23  3:18  SCV  
  24  3:42  Marine  
  24  3:43  Marine  
  26  3:50  SCV  
  26  3:55  Supply Depot, Medivac  
  28  4:10  Siege Tank  
  28  4:11  Marine x2  
  33  4:29  Marine x2  
  35  4:36  Medivac  
  37  4:45  SCV  
  37  4:46  Supply Depot  
  37  4:52  Siege Tank  
  41  4:58  SCV  
  42  5:06  Medivac  
  40  5:59  Siege Tank  
  40  6:01  Marine x2  
  45  6:13  Starport Reactor  
  45  6:14  Barracks  
  45  6:19  Marine x2  
  47  6:36  Supply Depot, SCV  
  48  6:48  SCV  
  49  7:04  Barracks Tech Lab  
  49  7:07  Marine x2  
  51  7:09  Siege Tank  
  51  7:11  Medivac x2  
  55  7:58  Orbital Command  
  41  8:45  Siege Tank  
  41  8:47  Combat Shield  
  44  8:51  Marine x2  
  46  9:00  Supply Depot  
  46  9:12  Marine  
  46  9:14  Marine x2  
  49  9:29  Medivac x2  
  49  9:30  Marine  
  54  9:32  Marine x2, Siege Tank  
  59  9:48  Marine  
  59  9:50  Marine x2  
  62  10:06  Stimpack, Marine  
  63  10:07  Marine  
  63  10:08  Marine  
  65  10:22  Siege Tank  
  65  10:24  Marine  
  65  10:26  Medivac  
  71  10:35  Supply Depot  
  71  10:56  Medivac, Marine  
  74  10:57  Supply Depot  
  39  12:52  Siege Tank  
  39  12:54  Marine x2  
  39  12:57  Marine  
  45  13:03  Barracks  
  45  13:12  Marine x2  
  47  13:15  Marine  
  48  13:24  Siege Tank  
  51  13:30  Marine x2  
  51  13:31  Medivac  
  51  13:32  Medivac  
  57  13:41  Supply Depot  
  57  13:47  Marine x2  
  57  13:48  Marine  
  60  13:53  Barracks Reactor  
  60  14:05  Marine x3  
  63  14:23  Marine x3  
  66  14:29  Marine x2  
  68  14:33  Siege Tank  
  71  14:41  Medivac x2, Marine  
  71  14:44  Marine x2  
  78  14:47  Marine x2  
  78  14:50  Supply Depot  
  80  15:02  Marine x2  
  80  15:05  Marine x2, Siege Tank  
  87  15:12  Marine  
  87  15:13  Supply Depot  
  88  15:20  Marine x2  
  90  15:23  Marine x2  
  91  15:30  Marine  
  92  16:07  Supply Depot  
  92  16:30  Supply Depot  
  35  16:55  Siege Tank  
  35  16:58  Medivac x2  
  35  17:00  Marine x2  
  44  17:03  Marine x2  
  46  17:18  Marine x2  
  48  17:27  Siege Tank  
  51  17:35  Marine  
  51  17:36  Marine  
  53  17:37  Marine  
  53  17:38  Marine  
  55  17:46  Orbital Command  
  55  18:42  Marauder  
  55  18:43  Marine x2  
  55  18:45  Marine x2  
  64  18:48  Siege Tank  
  64  19:01  Marine x2  
  66  19:03  Marine x2  
  66  19:08  Marauder  
  66  19:20  Siege Tank  
Show
View Real Time Build Order
Export as new Build Order

MrFercho Zerg - Winner!

Build Orders: Pool First 

Get SALT Encoding   

  12  0:01  Drone  
  13  0:13  Overlord  
  13  0:19  Drone  
  14  0:31  Drone  
  15  0:37  Drone x2  
  17  1:03  Drone x2  
  19  1:10  Spawning Pool  
  18  1:22  Drone x2  
  18  1:24  Hatchery  
  19  1:29  Drone  
  20  1:41  Overlord  
  20  1:48  Extractor  
  20  1:51  Drone  
  20  2:08  Drone  
  21  2:12  Drone  
  21  2:14  Queen  
  25  2:22  Drone  
  25  2:34  Drone  
  26  2:37  Drone  
  26  2:42  Queen  
  26  2:44  Drone  
  30  2:47  Drone  
  31  2:55  Drone  
  31  2:58  Drone  
  33  3:07  Drone  
  33  3:08  Drone  
  35  3:16  Drone  
  36  3:24  Lair  
  36  3:26  Overlord  
  36  3:27  Overlord  
  36  3:29  Overlord  
  36  3:39  Extractor, Queen  
  36  3:40  Extractor  
  36  3:45  Drone x4  
  36  3:46  Drone  
  41  3:54  Drone  
  41  3:55  Drone x2  
  44  3:56  Drone  
  44  3:57  Drone  
  46  4:07  Drone x2  
  48  4:17  Drone  
  48  4:18  Drone  
  48  4:23  Drone  
  51  4:34  Hatchery  
  50  4:44  Spine Crawler  
  49  4:50  Spine Crawler  
  49  4:52  Drone x3  
  51  4:53  Drone  
  51  4:54  Drone  
  51  4:56  Drone  
  54  5:01  Drone  
  55  5:09  Drone  
  56  5:23  Roach Warren  
  55  5:38  Overlord x2  
  53  5:44  Queen  
  55  5:58  Hatchery  
  54  6:16  Extractor  
  54  6:17  Extractor  
  52  6:18  Drone x2  
  52  6:19  Drone x3  
  52  6:20  Drone  
  58  6:41  Drone x3  
  58  6:43  Drone  
  62  6:52  Overlord  
  62  6:53  Overlord  
  62  7:01  Roach  
  62  7:02  Roach x5  
  74  7:27  Roach x3  
  74  7:28  Roach  
  82  7:33  Drone  
  82  7:34  Drone  
  82  7:35  Drone x3  
  82  7:36  Drone x3  
  83  7:46  Drone x3  
  83  7:47  Pneumatized Carapace  
  72  7:52  Roach x4  
  75  8:02  Roach x2  
  68  8:12  Hydralisk Den  
  68  8:17  Extractor  
  62  8:23  Roach x2  
  62  8:24  Roach x2  
  54  8:43  Drone x4  
  58  8:49  Hatchery  
  58  8:51  Hydralisk x2  
  61  9:09  Queen  
  63  9:13  Hydralisk x3  
  63  9:14  Hydralisk  
  71  9:25  Grooved Spines  
  71  9:26  Evolution Chamber  
  71  9:28  Evolution Chamber  
  71  9:29  Drone x2  
  71  9:30  Drone x2  
  73  9:45  Queen  
  75  9:55  Overseer  
  75  10:06  Hatchery x2  
  73  10:10  Infestation Pit  
  73  10:12  Zerg Ground Armor Level 1, Zerg Missile Weapons Level 1  
  72  10:17  Drone x3  
  72  10:18  Drone x3  
  78  10:23  Drone x3  
  78  10:24  Drone x4  
  78  10:25  Overlord  
  85  10:33  Drone x2  
  85  10:34  Drone  
  88  10:36  Muscular Augments  
  88  10:37  Drone  
  88  10:40  Drone  
  90  10:50  Drone x2  
  90  10:51  Drone  
  93  11:01  Drone x2  
  85  11:11  Hydralisk x3  
  68  11:25  Hydralisk x8  
  67  11:32  Drone x2  
  77  11:33  Drone x2  
  59  11:48  Hydralisk x5  
  61  11:57  Hydralisk x3  
  61  11:58  Hydralisk  
  64  12:07  Hydralisk x4  
  56  12:17  Zerg Missile Weapons Level 2, Zerg Ground Armor Level 2  
  53  12:26  Hydralisk x3  
  53  12:27  Hydralisk x3  
  57  12:30  Drone  
  51  12:45  Drone x2  
  51  12:46  Drone x5  
  51  12:47  Drone x3  
  61  12:53  Drone x6  
  61  12:54  Queen  
  69  13:02  Overlord x3  
  69  13:12  Hatchery  
  68  13:23  Drone  
  68  13:24  Drone x6  
  68  13:25  Drone  
  76  13:27  Drone  
  76  13:31  Drone  
  76  13:33  Hatchery  
  77  13:43  Drone x4  
  77  13:44  Drone  
  82  13:52  Hive  
  82  14:01  Drone x4  
  86  14:28  Drone x4  
  86  14:29  Drone x2  
  86  14:30  Drone x5  
  86  14:31  Drone x3  
  100  14:37  Hydralisk  
  102  14:48  Drone x6  
  102  14:49  Drone  
  109  15:03  Drone  
  109  15:04  Drone x6  
  109  15:05  Drone x2  
  118  15:15  Extractor  
  118  15:18  Extractor  
  116  15:29  Overlord x2  
  116  15:30  Overlord x2  
  116  15:33  Drone x3  
  116  15:34  Drone  
  120  15:39  Queen  
  122  15:51  Hydralisk x2  
  122  15:52  Hydralisk x6  
  122  15:53  Hydralisk x5  
  148  16:07  Drone x5  
  148  16:08  Drone x7  
  160  16:13  Drone x5  
  152  16:34  Zerg Missile Weapons Level 3, Zerg Ground Armor Level 3  
  152  16:35  Hydralisk x4  
  152  16:37  Hydralisk  
  128  16:59  Hatchery  
  127  17:01  Extractor  
  127  17:02  Extractor  
  125  17:17  Hydralisk  
  125  17:18  Hydralisk x9  
  145  17:41  Extractor  
  145  17:42  Hatchery  
  145  17:43  Extractor  
  142  17:45  Extractor, Drone x3  
  142  17:46  Drone  
  142  17:47  Drone x2  
  147  17:53  Hydralisk  
  147  17:54  Hydralisk x5  
  159  18:37  Hydralisk  
  159  18:38  Hydralisk x8  
  159  18:40  Overlord  
  159  18:41  Overlord x4  
  177  19:11  Hydralisk x11  
Tags
 
Matchup
TvZ
Opening
Pool First
Replay Pack
MrFercho
Spawn Locations
Cross Positions
Add a new tag
Caveats
  • Supply blocks, unpowered buildings, or Contaminate may cause inaccurate times.
  • Supply counts are checked every 10 seconds.